 Dungeon Crawl Stone Soup version 0.30-b1-2-g02819fbbbe (webtiles) character file.

Game seed: 3449551173209773529

5288 InTheClouds the Severer (level 10, -2/132 HPs)
             Began as a Minotaur Berserker on Oct 23, 2023.
             Was an Elder of Trog.
             Succumbed to a cane toad's poison
             ... on level 1 of the Lair of Beasts.
             The game lasted 00:55:29 (10062 turns).

InTheClouds the Severer (Minotaur Berserker)       Turns: 10062, Time: 00:55:29

Health: -2/132     AC: 17    Str: 32    XL:     10   Next: 37%
Magic:  9/9        EV: 10    Int:  4    God:    Trog [****..]
Gold:   355        SH:  8    Dex: 10    Spells: 9/9 levels left

rFire   . . .        q - +0 war axe (protect)
rCold   . . .        i - +0 kite shield
rNeg    . . .        l - +5 ring mail
rPois   .            (helmet restricted)
rElec   .            (no cloak)
rCorr   .            (no gloves)
SInv    .            (no boots)
Will    .....        (no amulet) Stlth
                     d - +6 ring of strength
HPRegen 0.42/turn    f - ring of flight
MPRegen 0.11/turn

%: no passive effects
@: berserking (expiring), lethally poisoned (-2 -> -40), under a protective
aura, flying, very quick
A: horns 2, retaliatory headbutt
a: Renounce Religion, Berserk, Trog's Hand, Brothers in Arms


You were on level 1 of the Lair of Beasts.
You worshipped Trog.
Trog was greatly pleased with you.
You visited 3 branches of the dungeon, and saw 11 of its levels.

You collected 355 gold pieces.

Inventory:

Hand Weapons
 a - a +1 hand axe
 q - a +0 war axe of protection (weapon)
 r - a +2 whip of flaming
Missiles
 g - 30 poisoned darts
Armour
 c - a +0 chain mail
 i - a +0 kite shield (worn)
 l - a +5 ring mail (worn)
Jewellery
 d - a +6 ring of strength (left hand)
 f - a ring of flight (right hand)
 m - a ring of protection from fire
Wands
 o - a wand of digging (4)
 p - a wand of acid (4)
Scrolls
 h - 2 scrolls of vulnerability
 j - 5 scrolls of identify
 k - 3 scrolls of enchant armour
 n - 3 scrolls of fear
 s - a scroll of immolation
Potions
 b - a potion of might
 e - 8 potions of curing (quivered)


   Skills:
 + Level 8.2 Fighting
 * Level 16.0 Axes
 - Level 2.5 Armour
 - Level 2.3 Dodging
 - Level 0.1 Stealth
 + Level 5.1 Shields


You had 9 spell levels left.
You didn't know any spells.
Your spell library contained the following spells:

 Spells                   Type           Power      Damage    Failure   Level
 Call Canine Familiar     Summ           0%         N/A       99%         3
 Portal Projectile        Hex/Tloc       0%         N/A       99%         3
 Leda's Liquefaction      Hex/Erth       0%         N/A       100%        4


Dungeon Overview and Level Annotations

Branches:
Dungeon (9/15)             Temple (1/1) D:7            Lair (1/5) D:8
    Orc: D:9-12

Altars:
Ashenzari
Cheibriados
Dithmenos
Elyvilon
Fedhas
Gozag
Hepliaklqana
Kikubaaqudgha
Makhleb
Nemelex Xobeh
Okawaru
Qazlal
Ru
Sif Muna
Trog
Uskayaw
Vehumet
Wu Jian
Xom
Yredelemnul
Zin
The Shining One

Annotations:
D:5 1 runed translucent door


Innate Abilities, Weirdness & Mutations

You have a pair of horns on your head.
You reflexively headbutt those who attack you in melee.


Message History

You are too injured to fight recklessly!
A red film seems to cover your vision as you go berserk!
You feel yourself moving faster!
You feel mighty!
You feel extremely sick. The cane toad closely misses you.
You furiously retaliate!
You headbutt the cane toad!
You are too injured to fight recklessly!
You are too injured to fight recklessly!
You slash the cane toad!
The cane toad is almost dead.
You feel very sick. The cane toad stings you!
* * * LOW HITPOINT WARNING * * *
You are lethally poisoned!
The cane toad poisons you!
You hit the cane toad. Your headbutt misses the cane toad.
The cane toad is almost dead.
* * * LOW HITPOINT WARNING * * *
You feel very sick. The cane toad stings you!
* * * LOW HITPOINT WARNING * * *
You are more poisoned.
The cane toad poisons you!
Okay, then.
You closely miss the cane toad.
The cane toad is almost dead.
* * * LOW HITPOINT WARNING * * *
You feel extremely sick.
You slash the cane toad!
You kill the cane toad!
Trog accepts your kill.
* * * LOW HITPOINT WARNING * * *
You feel extremely sick.
Your Axes skill increases to level 16!
There is a lethal amount of poison in your body!
There is a lethal amount of poison in your body!
* * * LOW HITPOINT WARNING * * *
You feel extremely sick.
You feel a strong urge to attack something.
You die...

...........##
............
...........#
...........#
...........#
......†....#
..........#
..........#
#########@##
#..# #####
##.##
#..P#####..#
##..........#
#..<÷.......P#
##..........##
#...........#
##..[.......#


There were no monsters in sight!

Vanquished Creatures
  Pikel (D:7)
  The ghost of diceflayer the Cleaver, a novice MiFi (D:5)
  Joseph (D:7)
  2 cane toads (Lair:1)
  3 yaks (D:8)
  3 steam dragons
  4 water moccasins (D:8)
  A black bear (D:8)
  3 sky beasts
  An ice beast (D:7)
  3 lemures (D:7)
  2 kobold brigands (D:7)
  6 bullfrogs
  4 scorpions
  3 wights (D:8)
  4 howler monkeys
  A crimson imp (D:4)
  2 jellies
  An iron imp (D:6)
  2 orc priests (D:6)
  5 hounds
  2 sleepcaps
  4 iguanas
  Natasha (twice) (D:3)
  4 orc wizards (D:6)
  7 adders
  A shadow imp (D:6)
  4 ufetubi
  2 worms
  2 dart slugs
  5 orcs
  5 endoplasms
  7 giant cockroaches
  5 goblins
  2 hobgoblins
  3 jackals (D:5)
  11 kobolds
  4 quokkas
  8 ball pythons
  2 frilled lizards
  A goblin zombie (D:4)
  3 hobgoblin zombies (D:4)
  3 kobold skeletons (D:4)
  A kobold zombie (D:4)
  An orc skeleton (D:4)
  2 orc zombies (D:4)
  5 rats
  2 bushes (D:7)
151 creatures vanquished.

Vanquished Creatures (others)
  A butterfly (D:7)
  29 fungi
  31 plants
61 creatures vanquished.

Grand Total: 212 creatures vanquished

Notes
Turn   | Place    | Note
-------+----------+-------------------------------------------
     0 | D:1      | InTheClouds the Minotaur Berserker began the quest for the
                  | Orb.
     0 | D:1      | Reached XP level 1. HP: 19/19 MP: 0/0
   243 | D:1      | Reached XP level 2. HP: 25/27 MP: 1/1
   394 | D:1      | Reached skill level 4 in Axes
  1040 | D:2      | Reached ** piety under Trog
  1093 | D:2      | Reached XP level 3. HP: 34/34 MP: 2/2
  1810 | D:3      | Noticed Natasha
  1818 | D:3      | Killed Natasha
  1863 | D:3      | Noticed Natasha
  1868 | D:3      | Killed Natasha
  1869 | D:3      | Reached skill level 5 in Fighting
  1869 | D:3      | Reached XP level 4. HP: 41/42 MP: 3/3
  2087 | D:3      | Reached skill level 5 in Axes
  2648 | D:4      | Found a glowing golden altar of the Shining One.
  2668 | D:4      | Reached XP level 5. HP: 45/48 MP: 4/4
  2732 | D:4      | Reached *** piety under Trog
  2904 | D:4      | Reached skill level 6 in Axes
  2904 | D:4      | Reached skill level 1 in Shields
  3489 | D:5      | Entered Level 5 of the Dungeon
  3490 | D:5      | Found a runed translucent door.
  3527 | D:5      | Reached XP level 6. HP: 54/56 MP: 5/5
  3604 | D:5      | Found a runed translucent door.
  3649 | D:5      | Reached skill level 7 in Axes
  3974 | D:5      | Noticed diceflayer's ghost (novice MiFi)
  4347 | D:5      | Found a bloodstained altar of Trog.
  4354 | D:5      | Found an iron altar of Okawaru.
  4355 | D:5      | Found a sacrificial altar of Ru.
  4463 | D:6      | Noticed a sky beast
  4471 | D:6      | Reached skill level 8 in Axes
  4471 | D:6      | Reached XP level 7. HP: 39/62 MP: 6/6
  4553 | D:6      | You are sucked into a shaft and drop 1 floor!
  4725 | D:7      | Found a staircase to the Ecumenical Temple.
  4759 | D:7      | Reached skill level 9 in Axes
  4856 | D:7      | Noticed Joseph
  4867 | D:7      | Killed Joseph
  4868 | D:7      | Reached skill level 10 in Axes
  4868 | D:7      | Reached XP level 8. HP: 70/71 MP: 7/7
  5002 | D:7      | Reached skill level 11 in Axes
  5246 | D:6      | Found a snail-covered altar of Cheibriados.
  5320 | D:6      | Reached skill level 12 in Axes
  5378 | D:6      | Found a burning altar of Makhleb.
  5602 | D:6      | Found a blossoming altar of Fedhas.
  5676 | D:6      | Reached XP level 9. HP: 78/78 MP: 8/8
  7959 | D:7      | Noticed Pikel
  7978 | D:7      | Killed Pikel
  7979 | D:7      | Reached skill level 13 in Axes
  7979 | D:7      | Found a white marble altar of Elyvilon.
  8262 | D:7      | Found a glowing silver altar of Zin.
  8715 | Temple   | Entered the Ecumenical Temple
  8924 | D:8      | Found an ancient bone altar of Kikubaaqudgha.
  8982 | D:8      | Reached skill level 14 in Axes
  8983 | D:8      | Reached **** piety under Trog
  9165 | D:8      | Reached skill level 15 in Axes
  9168 | D:8      | Reached XP level 10. HP: 88/88 MP: 9/9
  9194 | D:8      | Found a staircase to the Lair.
  9518 | Lair:1   | Entered Level 1 of the Lair of Beasts
  9518 | Lair:1   | Noticed a cane toad
  9524 | Lair:1   | Killed a cane toad
  9655 | D:5      | Killed diceflayer's ghost
  9656 | D:5      | Reached skill level 5 in Shields
 10049 | Lair:1   | Noticed a cane toad
 10060 | Lair:1   | Killed a cane toad
 10061 | Lair:1   | Reached skill level 16 in Axes
 10061 | Lair:1   | HP: 4/132 [poisoned by a cane toad]
 10062 | Lair:1   | Succumbed to a cane toad's poison

Illustrated notes

Levels and vault maps discovered:
D:1:      minmay_arrival_diagonal_passages, layout_basic
D:2:      layout_basic, hex_tiny
D:3:      layout_rooms, uniq_natasha
D:4:      layout_layer_cave, nicolae_tso_besieged_by_evil, corexii_corridor_pit,
          ebering_dispersal_statue_hall
D:5:      layout_loops_ring, minitemple, ebering_ghost_sewer_f
D:6:      layout_gridville, slow_altar_2, fedhas_ov_isle_minmay,
          mainiacjoe_overflow_alcove_4, gup_sewer_entry_spiral
D:7:      layout_loops_ring, lemuel_round_altar,
          nicolae_elyvilon_peaceful_grove, minmay_temple_entry_gardened_gates,
          kennysheep_small_spiral, uniq_pikel, uniq_joseph
D:8:      layout_rooms, kiku_gazebo_garden_becter, due_lair_maze_entry_diamond
D:9:      layout_roguey
Temple:   nicolae_temple_slightly_damp_pantheon
Lair:1:   layout_cave_pods

Skill      XL: |  1  2  3  4  5  6  7  8  9 10 |
---------------+-------------------------------+-----
Fighting       | 4 5 6 7 8 |  8.2
Axes           | 4 5 6 8 10 12 15 16 | 16.0
Shields        | 1 2 4 5 |  5.1
Armour         | |  2.5
Dodging        | |  2.3
Stealth        | |  0.1

Action                     |  1- 3 |  4- 6 |  7- 9 | 10-12 || total
---------------------------+-------+-------+-------+-------++-------
  Melee: Hand axe          |    71 |    55 |       |       ||   126
         Headbutt          |    10 |    21 |    35 |     8 ||    74
         War axe           |       |    49 |   194 |    40 ||   283
 Invoke: Berserk           |     1 |       |     6 |     3 ||    10
    Use: Scroll            |     7 |     6 |     3 |       ||    16
         Potion            |     1 |     4 |     3 |       ||     8
 Armour: Chain mail        |    21 |       |       |       ||    21
         Ring mail         |    10 |    36 |    64 |    10 ||   120
  Dodge: Dodged            |    32 |    43 |    66 |     9 ||   150
  Block: Kite shield       |    11 |    21 |    47 |     5 ||    84
